 Dungeon Crawl Stone Soup version 0.20.1-1-g8b1a95d (webtiles) character file.

53 esteth the Chiller (level 3, -2/28 HPs)
             Began as a Merfolk Ice Elementalist on Oct 16, 2017.
             Killed from afar by Natasha (6 damage)
             ... with a magic dart
             ... on level 2 of the Dungeon.
             The game lasted 00:04:14 (1592 turns).

esteth the Chiller (Merfolk Ice Elementalist)       Turns: 1592, Time: 00:04:15

Health: -2/28      AC:  2    Str:  7 (8)  XL:     3   Next: 89%
Magic:  6/6        EV: 18    Int: 12 (15) God:
Gold:   78         SH:  0    Dex: 16 (19) Spells: 5/6 levels left

rFire    . . .     SeeInvis .   h - +0 club
rCold    . . .     Gourm    .   (no shield)
rNeg     . . .     Faith    .   a - +0 robe
rPois    .         Spirit   .   (no helmet)
rElec    .         Reflect  .   (no cloak)
rCorr    .         Harm     .   (no gloves)
MR       .....                  (no boots)
Stlth    +++.......             (no amulet)
Regen    0.1/turn               (no ring)
MPRegen  0.1/turn               (no ring)

@: agile, berserk cooldown, slowed, very slow
A: change form in water, swift swim, stealthy swim
a: no special abilities


You were on level 2 of the Dungeon.
You were hungry.

You visited 1 branch of the dungeon, and saw 2 of its levels.

You collected 78 gold pieces.

Inventory:

Hand Weapons
 h - a +0 club (weapon)
Armour
 a - a +0 robe (worn)
Scrolls
 d - a scroll of teleportation {unknown}
 e - a scroll of identify {unknown}
 g - a scroll of fog {unknown}
 i - a scroll of magic mapping {unknown}
Books
 b - a book of Frost

   Spells                             Type                      Level
   a - Freeze                         Ice                          1
   b - Throw Frost                    Conjuration/Ice              2
   c - Ozocubu's Armour               Charms/Ice                   3
   d - Throw Icicle                   Conjuration/Ice              4
   e - Summon Ice Beast               Ice/Summoning                4
Comestibles
 c - a bread ration
 f - a royal jelly
 l - 2 chunks of flesh


   Skills:
 - Level 2.4 Fighting
 - Level 2.6 Dodging
 - Level 2.1 Stealth
 - Level 2.0 Spellcasting
   Level 0.7 Conjurations
 + Level 4.3 Ice Magic


You had 5 spell levels left.
You knew the following spells:

 Your Spells              Type           Power        Failure   Level  Hunger
a - Freeze                Ice            ##..         4%          1    ##.....


Dungeon Overview and Level Annotations

Branches:
Dungeon (2/15)

Altars:

Annotations:
D:2 Natasha


Message History

* * * LOW HITPOINT WARNING * * *
You sock Natasha!
You kill Natasha!
Natasha yowls pathetically as she dies!
The crimson imp disappears in a puff of smoke!
You feel your strength returning.
Your Ice Magic skill increases to level 4!
You feel a strong urge to attack something.
You are no longer berserk.
You are exhausted.
You feel as though you will be slow longer.
The kobold shouts!
Natasha, Servant of Life and Death comes into view.
Natasha casts a spell at you.
You feel as though you will be slow longer.
It was a potion of agility.
You feel agile all of a sudden. Natasha casts a spell at you.
The magic dart hits you!
You die...

#.# ## #######.### .
#.........# ###
#.#..####.h.#....
####.#..####w..#....
.........รท[.........
###.#..##....K#....
#..###....#....
#..####@..# ... #
#.........# .. .#
#######.### ###.###
##'## ###..(...
##...## ##...#.##.
##.....## #......##.
##.......## #......##.
#.........###.....###.
+.........+......<....


You could see a worm, Natasha and a kobold.

Vanquished Creatures
  Natasha (D:2)
  3 dart slugs (D:1)
  2 leopard geckos (D:1)
  6 bats
  2 goblins
  A hobgoblin (D:2)
  A frilled lizard (D:1)
  3 kobolds (D:1)
  3 rats (D:1)
22 creatures vanquished.

Notes
Turn   | Place    | Note
-------+----------+-------------------------------------------
     0 | D:1      | esteth the Merfolk Ice Elementalist began the quest for the Orb.
     0 | D:1      | Reached XP level 1. HP: 13/13 MP: 3/3
   281 | D:1      | Reached skill level 1 in Fighting
   317 | D:1      | Reached XP level 2. HP: 13/22 MP: 1/5
  1298 | D:1      | Reached XP level 3. HP: 28/28 MP: 6/6
  1560 | D:2      | Noticed Natasha
  1572 | D:2      | HP: 2/42 [Natasha (2)]
  1573 | D:2      | Killed Natasha
  1573 | D:2      | Reached skill level 4 in Ice Magic
  1590 | D:2      | Noticed Natasha
  1592 | D:2      | Killed from afar by Natasha

Skill      XL: |  1  2  3 |
---------------+----------+-----
Fighting       | 1 2 |  2.4
Ice Magic      | 4 |  4.3
Dodging        | |  2.6
Stealth        | |  2.1
Spellcasting   | |  2.0
Conjurations   | |  0.7

Action                   || total
-------------------------++-------
Melee: Unarmed           ||   125
       Club              ||    12
 Cast: Freeze            ||    12
  Use: Potion            ||     4
 Stab: Sleeping          ||     3
  Eat: Chunk             ||     2
Armor: Robe              ||    47
Dodge: Dodged            ||   149
